 Dungeon Crawl Stone Soup version 0.17-a0-1763-g847a857 (webtiles) character file.

3926 shakdrar the Covert (level 10, 0/60 HPs)
             Began as a Kobold Assassin on Sept 4, 2015.
             Was a Follower of Trog.
             Slain by an ice beast (12 damage)
             ... on level 9 of the Dungeon.
             The game lasted 00:35:35 (8522 turns).

shakdrar the Covert (Kobold Assassin)               Turns: 8522, Time: 00:35:36

Health: 0/60       AC: 12    Str: 11    XL:     10   Next: 44%
Magic:  10/10      EV: 24    Int:  9    God:    Trog [*.....]
Gold:   366        SH:  0    Dex: 20    Spells: 0 memorised, 9 levels left

rFire  . . .     SeeInvis .     a - +3 dagger
rCold  . . .     Clarity  .     f - +1 animal skin
rNeg   . . .     SustAt   +     (shield restricted)
rPois  .         Gourm    .     i - +2 helmet
rElec  .         Spirit   .     k - +2 cloak
rCorr  .         Warding  .     n - +1 pair of gloves
rMut   .         Stasis   .     u - +0 pair of boots
MR     .....                    (no amulet)
Stlth  +++++.....               s - ring of sustain attributes
                                l - ring of loudness (curse)

@: exhausted, slowed, very slow, not resistant to hostile enchantments, quite
stealthy
A: carnivore 3
a: Burn Spellbooks, Berserk, Renounce Religion


You were on level 9 of the Dungeon.
You worshipped Trog.
Trog was aware of your devotion.
You were not hungry.

You visited 2 branches of the dungeon, and saw 10 of its levels.

You collected 366 gold pieces.

Inventory:

Hand weapons
 a - a +3 dagger (weapon)
 b - a +0 blowgun
Missiles
 e - 33 poisoned needles
Armour
 d - a +1 cloak
 f - a +1 animal skin (worn)
 i - a +2 helmet (worn)
 k - a +2 cloak (worn)
 n - a +1 pair of gloves (worn)
 u - a +0 pair of boots (worn)
 z - the +3 salamander hide armour {+Rage rF++}
   (You took it off an orc wizard on level 6 of the Dungeon)

   It greatly protects you from fire.
   It lets you go berserk.
Jewellery
 l - a cursed ring of loudness (left hand)
 s - a ring of sustain attributes (right hand)
Magical devices
 q - a wand of frost (0)
 r - a wand of frost (27)
 t - a wand of confusion (30)
 w - a wand of paralysis (9)
 x - a wand of teleportation (9)
Scrolls
 h - 8 scrolls of identify
 j - a scroll of enchant armour
 m - a scroll of fear
 p - 2 scrolls of enchant weapon
 y - a scroll of teleportation {unknown}
 B - a scroll of magic mapping {unknown}
Potions
 c - 2 potions of brilliance
 o - 3 potions of ambrosia
Books
 v - a book of Air

   Spells                             Type                      Level
   a - Shock                          Conjuration/Air              1
   b - Swiftness                      Charms/Air                   2
   c - Repel Missiles                 Charms/Air                   2
   d - Static Discharge               Conjuration/Air              3
   e - Lightning Bolt                 Conjuration/Air              5
   Trog disapproves of the use of such an item.
Comestibles
 g - 4 meat rations
 A - 2 beef jerkies


   Skills:
 + Level 5.9 Fighting
 + Level 7.5 Short Blades
 - Level 3.5 Throwing
 + Level 10.0 Dodging
 + Level 13.1 Stealth
 + Level 1.0 Evocations


You had 9 spell levels left.
You didn't know any spells.

Dungeon Overview and Level Annotations

Branches:
Dungeon (9/15)             Temple (1/1) D:7
   Lair: D:8-11         Orc: D:9-12

Altars:
Ashenzari
Cheibriados
Dithmenos
Elyvilon
Fedhas
Gozag
Kikubaaqudgha
Makhleb
Nemelex Xobeh
Okawaru
Qazlal
Ru
Sif Muna
Trog
Vehumet
Xom
Yredelemnul
Zin
The Shining One

Annotations:
D:5 kae's ghost, experienced HOFi
D:6 kae's ghost, experienced HOFi


Innate Abilities, Weirdness & Mutations

You are small and have problems with some larger weapons.
You are carnivorous and can eat meat at any time.


Message History

The giant frog barely misses you.
You hit the giant frog.
The giant frog is almost dead.
The giant frog completely misses you.
You hit the giant frog.
You kill the giant frog!
Trog accepts your kill.
You hit the ice beast but do no damage. The ice beast closely misses you.
You hit the ice beast.
The ice beast is lightly wounded.
The ice beast closely misses you.
You hit the ice beast.
The ice beast is moderately wounded.
The ice beast completely misses you.
You hit the ice beast.
The ice beast is heavily wounded.
The ice beast hits you.
* * * LOW HITPOINT WARNING * * *
The ice beast freezes you!
You die...

### #.. #.# #.#
#.# #.# #@#
############ #Y#
...........#####O#
............[O...#
####....#(..######
.....).....#
.....##.....#
.....##.....#
.............


You could see a two-headed ogre and an ice beast.

Vanquished Creatures
  Pikel (D:5)
  Maurice (D:8)
  A yak (D:9)
  A wraith (D:8)
  4 hippogriffs
  An ice beast (D:6)
  A phantom (D:4)
  An orc warrior (D:6)
  3 ogres
  A big kobold (D:9)
  A centaur (D:8)
  6 giant frogs
  A wyvern zombie (D:7)
  2 scorpions (D:7)
  An iguana (D:9)
  2 jellies (D:6)
  5 crimson imps
  2 giant frog zombies
  6 orc priests
  3 hounds
  4 orc wizards
  Crazy Yiuf (D:5)
  A centaur zombie (D:5)
  5 worker ants
  A killer bee zombie (D:7)
  A hound zombie (D:6)
  Robin (D:2)
  7 adders
  2 shadow imps
  3 oozes
  An adder zombie (D:5)
  An adder skeleton (D:5)
  3 worms
  3 giant geckos
  15 orcs
  5 giant cockroaches
  12 goblins
  9 hobgoblins
  4 jackals
  9 kobolds
  6 bats
  A giant gecko skeleton (D:9)
  A giant gecko zombie (D:5)
  4 giant newts
  7 rats
151 creatures vanquished.

Vanquished Creatures (others)
  A slave (D:5)
  2 phantoms (D:5)
  A scorpion (D:5)
  A hound zombie (D:5)
5 creatures vanquished.

Grand Total: 156 creatures vanquished

Notes
Turn   | Place    | Note
--------------------------------------------------------------
     0 | D:1      | shakdrar the Kobold Assassin began the quest for the Orb.
     0 | D:1      | Reached XP level 1. HP: 12/12 MP: 1/1
    95 | D:1      | Reached XP level 2. HP: 16/18 MP: 2/2
   698 | D:1      | Reached skill level 6 in Stealth
   722 | D:2      | Reached XP level 3. HP: 20/22 MP: 3/3
   884 | D:2      | HP: 1/22 [worm (6)]
   885 | D:2      | Reached XP level 4. HP: 1/27 MP: 4/4
  1225 | D:2      | Found a sparkling altar of Nemelex Xobeh.
  1446 | D:2      | Noticed Robin
  1475 | D:2      | Killed Robin
  1475 | D:2      | Reached skill level 7 in Stealth
  2023 | D:3      | Found a faded altar to an unknown god.
  2094 | D:3      | Reached XP level 5. HP: 31/31 MP: 5/5
  2994 | D:4      | Reached skill level 8 in Stealth
  2999 | D:4      | Reached XP level 6. HP: 17/36 MP: 6/6
  3228 | D:4      | Noticed a phantom
  3273 | D:4      | Killed a phantom
  3531 | D:5      | Entered Level 5 of the Dungeon
  3863 | D:5      | Noticed kae's ghost (experienced HOFi)
  3866 | D:5      | Noticed Pikel
  3866 | D:5      | Noticed a slave
  3997 | D:5      | Noticed a slave
  3997 | D:5      | Noticed a slave
  3997 | D:5      | Noticed a slave
  4020 | D:5      | Killed Pikel
  4020 | D:5      | Reached skill level 5 in Dodging
  4020 | D:5      | Reached skill level 9 in Stealth
  4020 | D:5      | Reached XP level 7. HP: 38/42 MP: 7/7
  4020 | D:5      | Reached XP level 8. HP: 43/48 MP: 8/8
  4092 | D:5      | Killed a freed slave
  4349 | D:5      | Noticed Crazy Yiuf
  4359 | D:5      | Killed Crazy Yiuf
  4359 | D:5      | Reached skill level 5 in Short Blades
  5087 | D:6      | Reached skill level 10 in Stealth
  5200 | D:6      | Found an iron altar of Okawaru.
  5255 | D:6      | Noticed kae's ghost (experienced HOFi)
  5545 | D:6      | Reached skill level 1 in Evocations
  5545 | D:6      | Reached XP level 9. HP: 11/52 MP: 9/9
  6054 | D:7      | Found a glowing silver altar of Zin.
  6061 | D:7      | Found a glowing golden altar of the Shining One.
  6071 | D:7      | Reached skill level 11 in Stealth
  6080 | D:7      | Found a burning altar of Makhleb.
  6081 | D:7      | Found a basalt altar of Yredelemnul.
  6096 | D:7      | Found a sacrificial altar of Ru.
  6122 | D:7      | Reached skill level 5 in Fighting
  6689 | D:7      | Found a staircase to the Ecumenical Temple.
  6702 | Temple   | Entered the Ecumenical Temple
  6814 | Temple   | Became a worshipper of Trog the Wrathful
  7029 | D:8      | Reached skill level 12 in Stealth
  7297 | D:8      | Noticed Maurice
  7625 | D:8      | Killed Maurice
  7625 | D:8      | Reached XP level 10. HP: 32/59 MP: 10/10
  8190 | D:8      | Found a glowing silver altar of Zin.
  8232 | D:9      | Found a shattered altar of Ashenzari.
  8271 | D:9      | Found a radiant altar of Vehumet.
  8385 | D:9      | Found a blossoming altar of Fedhas.
  8487 | D:9      | Acquired Trog's first power
  8487 | D:9      | Reached skill level 13 in Stealth
  8504 | D:9      | Reached skill level 10 in Dodging
  8522 | D:9      | Slain by an ice beast

Vault maps used:
D:1:      lightli_iron_boxes
D:2:      nemelex_deck, uniq_robin
D:3:      ecumenical_altar_2, first_bread, minivault_27
D:5:      uniq_crazy_yiuf_cottage, uniq_pikel
D:6:      okawaru_trees_2, hangedman_decor_opposing, nicolae_sextant
D:7:      grunt_temple_overflow_open, minmay_temple_entry_purple_smoke
D:8:      lemuel_upstairs_altar, special_room, uniq_maurice
D:9:      minmay_cut_squares, overflow_temple_1_default, basic_altar,
          grunt_livestock, fedhas_bush_and_centaur_altar
Temple:   triangle_lava_temple_11

Action                   |  1- 3 |  4- 6 |  7- 9 | 10-12 || total
-------------------------+-------+-------+-------+-------++-------
Melee: Dagger            |    47 |   227 |   327 |   181 ||   782
 Fire: Blowgun           |       |     6 |    32 |       ||    38
Invok: Berserk           |       |       |       |     1 ||     1
Evoke: Wand              |       |       |     3 |       ||     3
  Use: Potion            |     5 |     2 |       |       ||     7
       Scroll            |     2 |     3 |     2 |     1 ||     8
 Stab: Sleeping          |    10 |    13 |    23 |     5 ||    51
  Eat: Chunk             |     2 |     8 |    11 |       ||    21
       Meat ration       |       |       |     1 |       ||     1
